 Dungeon Crawl Stone Soup version 0.21-a0-509-gecc5317 (webtiles) character file.

39 sagitran the Grasshopper (level 3, -1/18 HPs)
             Began as a Spriggan Warper on Nov 30, 2017.
             Slain by Crazy Yiuf
             ... wielding a +3 quarterstaff of chaos
              (13 damage)
             ... on level 2 of the Dungeon.
             The game lasted 00:06:49 (1564 turns).

sagitran the Grasshopper (Spriggan Warper)          Turns: 1564, Time: 00:06:50

Health: -1/18      AC:  2    Str:  7    XL:     3   Next: 28%
Magic:  1/8        EV: 19    Int: 19    God:
Gold:   107        SH:  0    Dex: 16    Spells: 3/7 levels left

rFire    . . .     SeeInvis +   a - +0 short sword
rCold    . . .     Gourm    .   (shield restricted)
rNeg     . . .     Faith    .   b - +0 robe
rPois    .         Spirit   .   (helmet restricted)
rElec    .         Reflect  .   (no cloak)
rCorr    .         Harm     .   (gloves unavailable)
MR       .....                  (boots unavailable)
Stlth    ++........             (no amulet)
HPRegen  0.06/turn              (no ring)
MPRegen  0.11/turn              (no ring)

@: brilliant, very quick
A: very small, unfitting armour, see invisible, herbivore 3, speed 3, slow
metabolism 2
a: no special abilities


You were on level 2 of the Dungeon.
You were not hungry.

You visited 1 branch of the dungeon, and saw 2 of its levels.

You collected 107 gold pieces.

Inventory:

Hand Weapons
 a - a +0 short sword (weapon)
 h - a +0 hunting sling
Missiles
 e - 5 tomahawks of dispersal (quivered)
 m - 47 stones
Armour
 b - a +0 robe (worn)
Jewellery
 g - a +5 ring of strength {unknown}
Scrolls
 d - 2 scrolls of blinking
Books
 c - a book of Spatial Translocations

   Spells                             Type                      Level
   a - Blink                          Translocation                2
   b - Shroud of Golubria             Charms/Translocation         2
   c - Lesser Beckoning               Translocation                3
   d - Gell's Gravitas                Translocation                3
   e - Teleport Other                 Translocation                3
   f - Passage of Golubria            Translocation                4
Comestibles
 f - a bread ration
 j - a royal jelly


   Skills:
 + Level 1.8 Fighting
 + Level 3.1 Short Blades
 + Level 1.6 Throwing
 + Level 4.0 Dodging
 + Level 0.4 Stealth
 + Level 2.7 Spellcasting
 + Level 4.4 Translocations


You had 3 spell levels left.
You knew the following spells:

 Your Spells              Type           Power        Failure   Level  Hunger
a - Blink                 Tloc           N/A          1%          2    ##.....
b - Shroud of Golubria    Chrm/Tloc      ###.......   1%          2    ##.....


Dungeon Overview and Level Annotations

Branches:
Dungeon (2/15)

Altars:
Nemelex Xobeh
Uskayaw

Annotations:
D:2 Crazy Yiuf


Innate Abilities, Weirdness & Mutations

You are very small and have problems with some larger weapons.
You are too small for most types of armour.
You have supernaturally acute eyesight. (SInv)
You are a herbivore.
You cover ground extremely quickly.
You need consume almost no food.


Message History

Crazy Yiuf is moderately wounded.
Crazy Yiuf barely misses you.
You hit Crazy Yiuf.
Crazy Yiuf is moderately wounded.
Crazy Yiuf closely misses you.
Casting: Shroud of Golubria
Confirm with . or Enter, or press ? or * to list all spells.
You don't have enough magic to cast that spell.
Casting: Shroud of Golubria
Confirm with . or Enter, or press ? or * to list all spells.
You don't have enough magic to cast that spell.
You hit Crazy Yiuf but do no damage.
Crazy Yiuf is moderately wounded.
Sorry, you're not good enough to have a special ability.
You barely miss Crazy Yiuf.
Crazy Yiuf is moderately wounded.
Crazy Yiuf grits, "Aardvark!"
Crazy Yiuf hits you with a quarterstaff of chaos!
Ouch! That really hurt!
You die...

#.# #.#
##...÷.....### #.#
#.# #.....##.## #.#
### ########.# #.#
#.# #.# ♣♣♣♣♣##.#
#)#
#####♣♣♣.♣.....#
#.#
#...#♣..♣...)..####
#.#
#..('.♣♣♣♣.........
#.# #)@g#♣♣
♣♣....#### #.##
##### ♣♣##.....
#..# #..### ####
#..# # ### ### #..#
# #.# #.# #..# #
#.# #.####..### #.#
#.........# #.#
######..#.#


You could see Crazy Yiuf.

Vanquished Creatures
  2 adders (D:2)
  A dart slug (D:2)
  2 bats (D:1)
  3 giant cockroaches
  2 goblins
  3 hobgoblins
  2 ball pythons
  2 kobolds (D:1)
  2 rats (D:1)
19 creatures vanquished.

Notes
Turn   | Place    | Note
-------+----------+-------------------------------------------
     0 | D:1      | sagitran the Spriggan Warper began the quest for the Orb.
     0 | D:1      | Reached XP level 1. HP: 10/10 MP: 5/5
   281 | D:1      | Reached XP level 2. HP: 4/15 MP: 6/6
   645 | D:1      | Learned a level 2 spell: Blink
   648 | D:1      | Learned a level 2 spell: Shroud of Golubria
  1114 | D:2      | Found a runed door.
  1189 | D:2      | Reached XP level 3. HP: 16/18 MP: 8/8
  1303 | D:2      | Found a hide-covered altar of Uskayaw.
  1384 | D:2      | Found a sparkling altar of Nemelex Xobeh.
  1543 | D:2      | Noticed Crazy Yiuf
  1564 | D:2      | Slain by Crazy Yiuf

Vault maps used:
D:1:      nicolae_arrival_memento_mori
D:2:      nicolae_overflow_hidden_temple, lemuel_doored_altar,
          uniq_crazy_yiuf_cottage

Skill      XL: |  1  2  3 |
---------------+----------+-----
Short Blades   | 3 |  3.1
Dodging        | 4 |  4.0
Fighting       | |  1.8
Throwing       | |  1.6
Stealth        | |  0.4
Spellcasting   | |  2.7
Translocations | |  4.4

Action                   || total
-------------------------++-------
Melee: Short sword       ||   152
Throw: Tomahawk          ||     5
 Cast: Shroud of Golubri ||     5
       Blink             ||     1
  Use: Scroll            ||     2
       Potion            ||     3
 Stab: Sleeping          ||     2
Armor: Robe              ||    10
Dodge: Dodged            ||   144

Table legend:
 A = Spawn XP
 B = Non-spawn XP
 C = Spawn XP percentage of total XP
 D = Spawn monster count
 E = Non-spawn monster count
 F = Spawn count percentage of total count
 G = Total turns spent on level
                    A         B        C        D         E        F      G
               +---------+---------+-------+---------+---------+-------+---------
         Total |       0 |      57 |   0.0 |       0 |      19 |   0.0 |  1564
               +---------+---------+-------+---------+---------+-------+---------
           D:1 |       0 |      17 |   0.0 |       0 |      11 |   0.0 |   760
           D:2 |       0 |      40 |   0.0 |       0 |       8 |   0.0 |   804
               +---------+---------+-------+---------+---------+-------+---------
